cohdb
Replays
Latest Replays
All Replays
Popular Replays
Top Player Replays
Match Explorer
How It Works
Community
CoH3 Stats
Reddit
Sign in to upload your games and track your stats! →
Sign in with Steam
Match 43608309
Unlisted
Match 43608309
Overview
Messages
Build Orders
End
Construct Infanterie Kompanie
Kettenkrad Recon Vehicle
MG 42 Machine Gun Team
Grenadier Squad
Grenadier Squad
Construct Luftwaffe Kompanie
Jäger Squad
Selects Mechanized Battlegroup
Medical Station
Jäger Squad
Luftwaffe Officer Quarters
Selects Spotting Scopes
Selects Wespe Self-propelled Artillery
Wespe Self-propelled Artillery
Support Elements
Marder III M Tank Destroyer
Wespe Self-propelled Artillery
Marder III M Tank Destroyer
Pioneer Squad
MG 42 Bunker
Selects Raid Package
Selects 8 Rad Armored Car
Королева PizdаliSov
Sanchorus
Austro
Dahlian
[82AD] PaulVmax
Stormless
0
0
Comments
sign in to comment!
No comments posted yet!